AoeStats
← AgentMars

Nomad

509677665Analyzed
3v3 RM · 4d ago on Sep 27, 2026· 35m 44s· 6 players
Game mode
Random Map
Map size
210×210
Population
200
Speed
Normal
Resources
Standard
Victory
Conquest
Starting age
Dark Age
Ending age
Imperial Age
RankedLock teamsTeams togetherTeam positionsShared explorationLock speedFull tech treeHidden civsTurbo modeCheats
Victory
Defeat
🇹🇼 Danes · Taiwan
1158
+16
🇹🇼 Teutons · Taiwan
1158
+16
🇹🇼 Mongols · Taiwan
1156
+16
🇪🇸 Huns · Spain
1163
-16
🇬🇧 Poles · United Kingdom
1157
-17
🇵🇪 Turks · Peru
1135
-15
El codorniz negro
3:50 Loom
14:21 Feudal Age
14:57 Double-Bit Axe
15:38 Horse Collar
22:06 Wheelbarrow
26:11 Castle Age
25:01 Bloodlines
25:04 Forging
27:41 Heavy Plow
29:27 Scale Barding Armor
31:11 Chain Barding Armor
sergio_S10
6:28 Loom
14:15 Feudal Age
23:15 Castle Age
22:17 Horse Collar
22:37 Gold Mining
22:50 Double-Bit Axe
zoibe
6:03 Loom
15:12 Feudal Age
15:43 Fishing Lines
15:52 Fishing Lines
17:29 Bloodlines
17:05 Horse Collar
17:30 Gold Mining
18:06 Forging
18:52 Scale Barding Armor
21:56 Stone Mining
25:22 Castle Age
25:23 Pikeman
26:04 Double-Bit Axe
26:36 Scale Mail Armor
27:42 Squires
28:00 Chain Mail Armor
29:40 Husbandry
30:27 Wheelbarrow
30:08 Gillnets
29:38 Demolition Ship
30:32 Heavy Plow
31:27 Bow Saw
33:02 Szlachta Privileges
34:25 Town Watch
35:43 Chain Barding Armor
AgentMars
11:50 Feudal Age
11:23 Loom
12:28 Double-Bit Axe
19:40 Castle Age
20:20 Pikeman
26:30 Padded Archer Armor
28:04 Fletching
31:40 Ballistics
31:46 Scale Barding Armor
31:38 Gold Mining
33:47 Leather Archer Armor
33:32 Bodkin Arrow
35:35 Bow Saw
35:47 Town Watch
loveerika1986
14:43 Feudal Age
19:18 Castle Age
18:06 Loom
21:06 Double-Bit Axe
22:33 Scale Mail Armor
24:44 Bow Saw
28:21 Forging
31:22 Wheelbarrow
31:38 Iron Casting
31:21 Squires
32:01 Arson
32:53 Chain Mail Armor
32:43 Horse Collar
32:44 Hamask
34:08 Gambesons
Liu
14:43 Feudal Age
18:39 Castle Age
18:46 Double-Bit Axe
20:28 Loom
20:56 Bow Saw
20:31 Horse Collar
20:42 Fishing Lines
21:13 Gold Mining
22:58 Wheelbarrow
30:42 Pikeman
31:23 Squires
31:09 Arson
32:54 Town Watch
33:25 Hand Cart
Connection lost

Rejoining the realm…

Still unreachable

The connection could not be restored.

Session expired

The server has moved on; the page needs a fresh start.